[Event "FIDE Women's Grand Swiss 2023"]
[Site "Villa Marina, Douglas, Isle of Man, Isle Of Man"]
[Date "2023.10.30"]
[Round "6.20"]
[White "Danielian, Elina"]
[Black "Sandu, Mihaela"]
[Result "1-0"]
[TimeControl "40/90 + 30 + 30s/move"]
[WhiteFideId "13300210"]
[BlackFideId "1204327"]
[WhiteElo "2416"]
[BlackElo "2298"]

1. d4 Nf6 2. c4 e6 3. Nc3 Bb4 4. e3 O-O 5. Bd3 d5 6. Nf3 dxc4 7. Bxc4 c5 8. O-O Bd7 9. dxc5 Nc6 10.
Bd3 Bxc5 11. a3 Qb8 12. Ne4 Be7 13. Nxf6+ gxf6 14. Bd2 Qd6 15. Bc3 Qd5 16. e4 Qh5 17. Be2 Be8 18. Ne5 Qh4 19.
g3 Qh3 20. Ng4 Rd8 21. Qc1 Nd4 22. Bxd4 Rxd4 23. Qc7 Bd8 24. Qxb7 Rd7 25. Qb3 h5 26. Ne3 Bb6 27. Rfd1 Rxd1+ 28. Rxd1 e5 29. Rd6 Qc8 30. Nf5 Qc1+ 31. Kg2 Bc7 32. Rxf6 Bd8 33. Rg6+ Kh8 34. Qb4 Rg8 35. Rh6+ 1-0

[Event "FIDE Women's Grand Swiss 2023"]
[Site "Villa Marina, Douglas, Isle of Man, Isle Of Man"]
[Date "2023.10.30"]
[Round "6.21"]
[White "Arakhamia-Grant, Ketevan"]
[Black "Roebers, Eline"]
[Result "1/2-1/2"]
[TimeControl "40/90 + 30 + 30s/move"]
[WhiteFideId "13600168"]
[BlackFideId "1058401"]
[WhiteElo "2297"]
[BlackElo "2390"]

1. e4 c5 2. Nf3 d6 3. Bb5+ Nd7 4. O-O a6 5. Bd3 Ngf6 6. Re1 g6 7. a4 b6 8. Bf1 Bb7 9. Nc3 Bg7 10.
d4 cxd4 11. Nxd4 Rc8 12. f3 O-O 13. Be3 Ne5 14. Qd2 Nc4 15. Bxc4 Rxc4 16. Rad1 Qc7 17. Nde2 Rc8 18. Bd4 Ba8 19.
Kh1 Qb8 20. b3 R4c6 21. Bxf6 Bxf6 22. Nd5 Rxc2 23. Nxf6+ exf6 24. Qf4 d5 25. Qxb8 Rxb8 26. exd5 Rd8 27. Nf4 Kf8 28. h4 Rc3 29.
b4 Rc4 30. Re4 Rxe4 31. fxe4 Rc8 32. Rd4 Ke7 33. Kh2 Kd6 34. Nd3 Rc2 35. Kg3 Bb7 36. Kf3 Bc8 37. a5 bxa5 38. bxa5 Bd7 39.
Nb4 Rc3+ 40. Rd3 Rc5 41. Ra3 Bb5 42. Ke3 h5 43. g3 Rc1 44. Rb3 Kd7 45. Nd3 Rg1 46. Kf2 Ra1 47. Nc5+ Ke7 48.
Rc3 Kd6 49. Nb7+ Kd7 50. Ke3 Rb1 51. Kd4 Be2 52. Nc5+ Ke7 53. Rb3 Rd1+ 54. Ke3 Bb5 55. Rc3 Re1+ 56. Kd4 Rd1+ 57. Ke3 g5 58.
Nb7 Kd7 59. Nc5+ Ke7 60. Nb7 Kd7 1/2-1/2

[Event "FIDE Women's Grand Swiss 2023"]
[Site "Villa Marina, Douglas, Isle of Man, Isle Of Man"]
[Date "2023.10.30"]
[Round "6.22"]
[White "Kiolbasa, Oliwia"]
[Black "Terbe, Julianna"]
[Result "1/2-1/2"]
[TimeControl "40/90 + 30 + 30s/move"]
[WhiteFideId "1154613"]
[BlackFideId "708780"]
[WhiteElo "2375"]
[BlackElo "2266"]

1. e4 c5 2. Nf3 Nc6 3. Bb5 g6 4. Nc3 Bg7 5. d3 Nf6 6. e5 Ng4 7. Bxc6 dxc6 8. Qe2 O-O 9. O-O Nh6 10.
Ne4 b6 11. h3 f6 12. a4 a5 13. Ng3 Nf5 14. Nxf5 Bxf5 15. e6 g5 16. Nd2 Qd5 17. Re1 b5 18. Nf1 h5 19. Ne3 Qxe6 20.
Qxh5 Bh7 21. Bd2 Qf7 22. Qxf7+ Kxf7 23. axb5 cxb5 24. Nd5 e5 25. Nc7 Rab8 26. Rxa5 c4 27. Nxb5 cxd3 28. c4 e4 29.
b4 f5 30. Bxg5 Be5 31. Bd2 f4 32. c5 Ke6 33. Ra6+ Kd5 34. Nc3+ Bxc3 35. Bxc3 e3 36. fxe3 f3 37. Rf1 fxg2 38.
Rxf8 Rxf8 39. Kxg2 Be4+ 40. Kg1 Rg8+ 41. Kf1 Kc4 42. Bd2 Bg2+ 43. Ke1 Bxh3 44. Rd6 Rg1+ 45. Kf2 Rg2+ 46. Ke1 Rg1+ 47.
Kf2 Rg2+ 1/2-1/2

[Event "FIDE Women's Grand Swiss 2023"]
[Site "Villa Marina, Douglas, Isle of Man, Isle Of Man"]
[Date "2023.10.30"]
[Round "6.23"]
[White "Lee, Alice"]
[Black "Divya, Deshmukh"]
[Result "1/2-1/2"]
[TimeControl "40/90 + 30 + 30s/move"]
[WhiteFideId "30941822"]
[BlackFideId "35006916"]
[WhiteElo "2388"]
[BlackElo "2408"]

1. d4 Nf6 2. c4 e6 3. Nf3 b6 4. g3 Ba6 5. b3 Bb7 6. Bg2 Bb4+ 7. Bd2 c5 8. Bxb4 cxb4 9. O-O O-O 10.
a3 Na6 11. Ne5 Bxg2 12. Kxg2 Qe7 13. Nd3 d5 14. axb4 Nxb4 15. Nxb4 Qxb4 16. Ra4 Qe7 17. Nd2 Qb7 18. Nf3 Ne4 19.
Qa1 b5 20. cxb5 Qxb5 21. Re1 a6 22. Ra5 Qb7 23. Rc1 Qxb3 24. Rxa6 Qb7 25. Rxa8 Rxa8 26. Rc7 Rxa1 27. Rxb7 f6 28.
Rb8+ Kf7 29. Rb7+ Kf8 30. Rb8+ Kf7 31. Rb7+ 1/2-1/2

[Event "FIDE Women's Grand Swiss 2023"]
[Site "Villa Marina, Douglas, Isle of Man, Isle Of Man"]
[Date "2023.10.30"]
[Round "6.24"]
[White "Kanyamarala, Trisha"]
[Black "Matnadze Bujiashvili, Ann"]
[Result "0-1"]
[TimeControl "40/90 + 30 + 30s/move"]
[WhiteFideId "45004722"]
[BlackFideId "13601377"]
[WhiteElo "2184"]
[BlackElo "2400"]

1. d4 Nf6 2. c4 e6 3. Nf3 b6 4. g3 Bb7 5. Bg2 Be7 6. Nc3 Ne4 7. Bd2 f5 8. O-O O-O 9. Ne5 Nxc3 10.
Bxc3 Bxg2 11. Kxg2 d6 12. Nd3 Bf6 13. Re1 Qc8 14. e4 Qb7 15. Qf3 Nd7 16. e5 Qxf3+ 17. Kxf3 dxe5 18. dxe5 Be7 19.
b4 Rfd8 20. Red1 a5 21. a3 Kf7 22. Ke2 g5 23. Rdb1 Ra7 24. Bd4 Nb8 25. Ke3 c5 26. Bc3 Rad7 27. Ne1 axb4 28. axb4 Nc6 29.
b5 Nd4 30. Rb2 g4 31. f4 gxf3 32. Bxd4 Rxd4 33. Nxf3 Rxc4 34. Ra7 Ke8 35. Rb7 Re4+ 36. Kf2 c4 37. Ra2 c3 38. Raa7 Bc5+ 39.
Kg2 c2 40. Ra1 Ra4 41. Rc1 Ra2 42. Ne1 Rd1 43. Rxc2 Rxc2+ 44. Nxc2 Rd2+ 45. Kf3 Rxc2 46. Rxh7 Rf2# 0-1

[Event "FIDE Women's Grand Swiss 2023"]
[Site "Villa Marina, Douglas, Isle of Man, Isle Of Man"]
[Date "2023.10.30"]
[Round "6.25"]
[White "Nassr, Lina"]
[Black "Gomez Barrera, Javiera Belen"]
[Result "0-1"]
[TimeControl "40/90 + 30 + 30s/move"]
[WhiteFideId "7908075"]
[BlackFideId "3418723"]
[WhiteElo "2066"]
[BlackElo "2266"]

1. d4 d5 2. Nc3 Nf6 3. Bf4 a6 4. Nf3 e6 5. e3 c5 6. a3 c4 7. Ne5 b5 8. g4 Bb7 9. Qf3 Qe7 10.
Bg2 Ne4 11. g5 Nxc3 12. bxc3 Nc6 13. h4 Nxe5 14. Bxe5 h6 15. Qh5 Bc6 16. O-O Rg8 17. Rfe1 Qb7 18. Qg4 hxg5 19. hxg5 Be7 20.
f3 Qd7 21. e4 O-O-O 22. Bh3 g6 23. Bg2 Rde8 24. Qf4 Ref8 25. Qg3 Qd8 26. f4 dxe4 27. Bxe4 Bxe4 28. Rxe4 Qd5 29. Ree1 Bd8 30.
a4 Bb6 31. axb5 axb5 32. Bf6 Bc7 33. Be5 Bb6 34. Qg2 Qxg2+ 35. Kxg2 Kb7 36. Rh1 Rd8 37. Rab1 Kc6 38. Rb2 Ba5 39.
Rhb1 Rd5 40. Ra2 Bxc3 41. Ra6+ Kb7 42. Ra3 Bxd4 43. Bxd4 Rxd4 44. Kf3 Kb6 45. Rba1 Rgd8 46. c3 Rd2 47.
Ke4 Re2+ 48. Kf3 Rc2 49. Ra7 Rd3+ 50. Kg4 Rcxc3 51. R7a6+ Kc5 52. Rg1 Ra3 53. Rxa3 Rxa3 0-1